MWL (24 & UNDER)
ERIE JAXX @ BARRY'S BAY ORIOLES
07/03/2030
 
TOP OF THE 1ST
Erie Jaxx batting - Pitching for Barry's Bay Orioles : RHP De-wei Hung
Pitching: RHP De-wei Hung
Batting: RHB Ramón Maldonado 0-0: Fly out, F9 (Flyball, 89S)
Batting: RHB Edgardo Castro 0-0: Ball
1-0: Ball
2-0: Swinging Strike
2-1: SINGLE (Groundball, 56D)
Batting: LHB Gabriel Flores 0-0: Foul Ball, location: 2F
0-1: Foul Ball, location: 2F
0-2: Ball
1-2: Foul Ball, location: 2F
1-2: Ball
2-2: Ball
3-2: SINGLE (Groundball, 34D)
Edgardo Castro to second
Runner from 2nd tries for 3rd, SAFE, no throw
Batting: RHB Miguel Sánchez 0-0: Called Strike
0-1: Ball
1-1: Ball
2-1: Ball
3-1: Fly out, F9 (Flyball, 9D)
Runner from 3rd tags up, OUT at HOME
Top of the 1st over - 0 runs, 2 hits, 0 errors, 1 left on base; Erie 0 - Barry's Bay 0
BOTTOM OF THE 1ST
Barry's Bay Orioles batting - Pitching for Erie Jaxx : RHP Carl Curry
Pitching: RHP Carl Curry
Batting: SHB Dan Morse 0-0: Called Strike
0-1: Foul Ball, location: 2F
0-2: Ball
1-2: Ball
2-2: DOUBLE (Groundball, 3L)
Batting: RHB James Thompson 0-0: Ball
1-0: Ball
2-0: Foul Ball, location: 2F
2-1: Called Strike
2-2: Ground out 3-1 (Groundball, 34)
Dan Morse to third
Batting: RHB Thomas Bravo 0-0: Foul Ball, location: 2F
0-1: Ball
1-1: Ball
2-1: Ground out 4-3 (Groundball, 4S)
Dan Morse scores
Batting: RHB Esteban Álvarez 0-0: Foul Ball, location: 2F
0-1: Ground out 6-3 (Groundball, 6)
Bottom of the 1st over - 1 run, 1 hit, 0 errors, 0 left on base; Erie 0 - Barry's Bay 1
TOP OF THE 2ND
Erie Jaxx batting - Pitching for Barry's Bay Orioles : RHP De-wei Hung
Now in RF: Quentin Barker
Batting: RHB Shane Marshall 0-0: Ball
1-0: Called Strike
1-1: Ball
2-1: Foul Ball, location: 2F
2-2: Ball
3-2: Base on Balls
Batting: RHB Danny Morrison 0-0: Ball
1-0: Swinging Strike
1-1: SINGLE (Line Drive, 8LS)
Shane Marshall to second
Batting: LHB Mark Sanders 0-0: Ball
1-0: Ball
2-0: Swinging Strike
2-1: Ball
3-1: Ground out 5-3 (Groundball, 5S)
Shane Marshall to third
Danny Morrison to second
Batting: LHB Matt Moore 0-0: DOUBLE (Flyball, 89D)
Shane Marshall scores
Danny Morrison scores
Batting: RHB Juan González 0-0: Called Strike
0-1: Ball
1-1: Ground out 5-3 (Groundball, 56S)
Matt Moore to third
Batting: RHB Ramón Maldonado 0-0: Foul Ball, location: 2F
0-1: Ball
1-1: Ball
2-1: Ball
3-1: Foul Ball, location: 2F
3-2: Fly out, F8 (Flyball, 78M)
Top of the 2nd over - 2 runs, 2 hits, 0 errors, 1 left on base; Erie 2 - Barry's Bay 1
BOTTOM OF THE 2ND
Barry's Bay Orioles batting - Pitching for Erie Jaxx : RHP Carl Curry
Batting: LHB Dave Sanders 0-0: Called Strike
0-1: Swinging Strike
0-2: Strikes out swinging
Batting: RHB Quentin Barker 0-0: Called Strike
0-1: SINGLE (Line Drive, 34D)
Batting: RHB Jorge Castillo 0-0: Foul Ball, location: 2F
0-1: Swinging Strike
0-2: Ball
Passed Ball!
Quentin Barker to second
1-2: Foul Ball, location: 2F
1-2: Strikes out looking
Batting: RHB Earl Chase 0-0: Ball
1-0: Ball
2-0: Ball
3-0: Called Strike
3-1: Foul Ball, location: 2F
3-2: Foul Ball, location: 2F
3-2: Strikes out swinging
Bottom of the 2nd over - 0 runs, 1 hit, 0 errors, 1 left on base; Erie 2 - Barry's Bay 1
TOP OF THE 3RD
Erie Jaxx batting - Pitching for Barry's Bay Orioles : RHP De-wei Hung
Batting: RHB Edgardo Castro 0-0: SINGLE (Groundball, 34D)
Batting: LHB Gabriel Flores 0-0: Called Strike
0-1: Foul Ball, location: 2F
0-2: Ball
1-2: Strikes out looking
Batting: RHB Miguel Sánchez 0-0: Ball
1-0: Fly out, F9 (Flyball, 9D)
Batting: RHB Shane Marshall 0-0: Ball
1-0: SINGLE (Groundball, 6MD)
Edgardo Castro to second
Batting: RHB Danny Morrison 0-0: Foul Ball, location: 2F
0-1: Ball
1-1: Ball
2-1: Called Strike
2-2: Strikes out looking
Top of the 3rd over - 0 runs, 2 hits, 0 errors, 2 left on base; Erie 2 - Barry's Bay 1
BOTTOM OF THE 3RD
Barry's Bay Orioles batting - Pitching for Erie Jaxx : RHP Carl Curry
Batting: RHB Joel García 0-0: Ball
1-0: Ball
2-0: Ball
3-0: Called Strike
3-1: Foul Ball, location: 2F
3-2: Base on Balls
Batting: SHB Dan Morse 0-0: Foul Ball, location: 2F
0-1: Swinging Strike
0-2: Ball
1-2: Strikes out swinging
Batting: RHB James Thompson 0-0: Ball
1-0: Ball
2-0: SINGLE (Groundball, 4MD)
Joel García to second
Batting: RHB Thomas Bravo 0-0: Grounds into double play, 5-4-3 (Groundball, 5)
Bottom of the 3rd over - 0 runs, 1 hit, 0 errors, 1 left on base; Erie 2 - Barry's Bay 1
TOP OF THE 4TH
Erie Jaxx batting - Pitching for Barry's Bay Orioles : RHP De-wei Hung
Batting: LHB Mark Sanders 0-0: SINGLE (Groundball, 56D)
Batting: LHB Matt Moore 0-0: Called Strike
0-1: Ball
Mark Sanders steals 2nd base
1-1: Ball
2-1: Ball
3-1: Base on Balls
Batting: RHB Juan González 0-0: Ball
1-0: Ball
2-0: Swinging Strike
2-1: Foul Ball, location: 2F
2-2: Fielders Choice at 2nd, 4-6 (Groundball, 4)
Mark Sanders to third
Batting: RHB Ramón Maldonado 0-0: Grounds into double play, 5-4-3 (Groundball, 5L)
Top of the 4th over - 0 runs, 1 hit, 0 errors, 1 left on base; Erie 2 - Barry's Bay 1
BOTTOM OF THE 4TH
Barry's Bay Orioles batting - Pitching for Erie Jaxx : RHP Carl Curry
Batting: RHB Esteban Álvarez 0-0: Foul Ball, location: 2F
0-1: Ball
1-1: Swinging Strike
1-2: Foul Ball, location: 2F
1-2: Foul Ball, location: 2F
1-2: Ball
2-2: Strikes out swinging
Batting: LHB Dave Sanders 0-0: Ball
1-0: Swinging Strike
1-1: Called Strike
1-2: Ground out U3 (Groundball, 34)
Batting: RHB Quentin Barker 0-0: Ball
1-0: Hit by Pitch
Batting: RHB Jorge Castillo 0-0: Ball
1-0: Ball
2-0: Ball
3-0: Base on Balls
Quentin Barker to second
Batting: RHB Earl Chase 0-0: Called Strike
0-1: SINGLE (Groundball, 56D)
Quentin Barker to third
Jorge Castillo to second
Runner from 3rd tries for Home, SAFE, no throw
Batting: RHB Joel García 0-0: Ball
1-0: Foul Ball, location: 2F
1-1: Foul Ball, location: 2F
1-2: Foul Ball, location: 2F
1-2: Ball
2-2: Ball
3-2: Strikes out swinging
Bottom of the 4th over - 1 run, 1 hit, 0 errors, 2 left on base; Erie 2 - Barry's Bay 2
TOP OF THE 5TH
Erie Jaxx batting - Pitching for Barry's Bay Orioles : RHP De-wei Hung
Batting: RHB Edgardo Castro 0-0: Ball
1-0: Ball
2-0: Foul Ball, location: 2F
2-1: Ball
3-1: Base on Balls
Batting: LHB Gabriel Flores 0-0: Ball
1-0: Foul Ball, location: 2F
1-1: Called Strike
1-2: Fly out, F5 (Popup, 15)
Batting: RHB Miguel Sánchez 0-0: Called Strike
0-1: Ball
1-1: 2-RUN HOME RUN (Flyball, 7LD), Distance : 311 ft
Batting: RHB Shane Marshall 0-0: Foul Ball, location: 2F
0-1: SINGLE (Flyball, 4MD)
Batting: RHB Danny Morrison 0-0: Swinging Strike
0-1: Called Strike
0-2: Ball
1-2: Fly out, F8 (Flyball, 8LS)
Batting: LHB Mark Sanders 0-0: Called Strike
Shane Marshall steals 2nd base
0-1: Ball
1-1: Ball
2-1: Ball
3-1: Swinging Strike
3-2: Strikes out swinging
Top of the 5th over - 2 runs, 2 hits, 0 errors, 1 left on base; Erie 4 - Barry's Bay 2
BOTTOM OF THE 5TH
Barry's Bay Orioles batting - Pitching for Erie Jaxx : RHP Carl Curry
Batting: SHB Dan Morse 0-0: Ground out 4-3 (Groundball, 4)
Batting: RHB James Thompson 0-0: Ball
1-0: Ball
2-0: Called Strike
2-1: Foul Ball, location: 2F
2-2: Foul Ball, location: 2F
2-2: Ball
3-2: Strikes out swinging
Batting: RHB Thomas Bravo 0-0: Ball
1-0: Ground out U3 (Groundball, 3)
Bottom of the 5th over - 0 runs, 0 hits, 0 errors, 0 left on base; Erie 4 - Barry's Bay 2
TOP OF THE 6TH
Erie Jaxx batting - Pitching for Barry's Bay Orioles : RHP De-wei Hung
Batting: LHB Matt Moore 0-0: Ball
1-0: Ball
2-0: Foul Ball, location: 2F
2-1: Foul Ball, location: 2F
2-2: Ball
3-2: Base on Balls
Batting: RHB Juan González 0-0: Ball
1-0: Foul Ball, location: 2F
1-1: Ball
2-1: Swinging Strike
2-2: Foul Ball, location: 2F
2-2: Foul Ball, location: 2F
2-2: Strikes out swinging
Batting: RHB Ramón Maldonado 0-0: Foul Ball, location: 2F
0-1: Ball
1-1: Ball
2-1: Called Strike
2-2: Ball
3-2: Hit by Pitch
Matt Moore to second
Pitching: RHP Gianfranco Confalonieri
Batting: RHB Edgardo Castro 0-0: Ball
1-0: Called Strike
1-1: Ball
2-1: Called Strike
2-2: SINGLE (Groundball, 6MD)
Matt Moore to third
Ramón Maldonado to second
Runner from 3rd tries for Home, SAFE, no throw
Batting: LHB Gabriel Flores 0-0: Ball
1-0: Foul Ball, location: 2F
1-1: SINGLE (Line Drive, 56)
Ramón Maldonado to third
Edgardo Castro to second
Runner from 3rd tries for Home, SAFE, no throw
Batting: RHB Miguel Sánchez 0-0: Ball
1-0: Ball
2-0: Fly out, F7 (Flyball, 7)
Batting: RHB Shane Marshall 0-0: Ball
1-0: Called Strike
1-1: Foul Ball, location: 2F
1-2: Strikes out swinging
Top of the 6th over - 2 runs, 2 hits, 0 errors, 2 left on base; Erie 6 - Barry's Bay 2
BOTTOM OF THE 6TH
Barry's Bay Orioles batting - Pitching for Erie Jaxx : RHP Carl Curry
Pitching: RHP Carlos Pérez
Batting: RHB Esteban Álvarez 0-0: Ball
1-0: SINGLE (Line Drive, 56D)
Batting: LHB Dave Sanders 0-0: Ball
1-0: Called Strike
Esteban Álvarez steals 2nd base
1-1: Foul Ball, location: 2F
1-2: Foul Ball, location: 2F
1-2: Strikes out swinging
Batting: RHB Quentin Barker 0-0: Foul Ball, location: 2F
0-1: Ball
1-1: Foul Ball, location: 2F
1-2: Ball
2-2: Fly out, F9 (Flyball, 9S)
Batting: RHB Jorge Castillo 0-0: Ground out 4-3 (Groundball, 4)
Bottom of the 6th over - 0 runs, 1 hit, 0 errors, 1 left on base; Erie 6 - Barry's Bay 2
TOP OF THE 7TH
Erie Jaxx batting - Pitching for Barry's Bay Orioles : RHP Gianfranco Confalonieri
Batting: RHB Danny Morrison 0-0: SINGLE (Groundball, 6D)
Batting: LHB Mark Sanders 0-0: Sac Bunt - play at first, batter OUT! 5-3
Danny Morrison to second
Batting: LHB Matt Moore 0-0: Ball
1-0: SINGLE (Groundball, 4MD)
Danny Morrison to third
Runner from 3rd tries for Home, SAFE, no throw
Batting: RHB Juan González 0-0: Called Strike
0-1: Foul Ball, location: 2F
0-2: Strikes out swinging
Batting: RHB Ramón Maldonado 0-0: Ball
1-0: Swinging Strike
1-1: Swinging Strike
1-2: Strikes out swinging
Top of the 7th over - 1 run, 2 hits, 0 errors, 1 left on base; Erie 7 - Barry's Bay 2
BOTTOM OF THE 7TH
Barry's Bay Orioles batting - Pitching for Erie Jaxx : RHP Carlos Pérez
Batting: RHB Earl Chase 0-0: Ball
1-0: Called Strike
1-1: Ball
2-1: Foul Ball, location: 2F
2-2: Strikes out swinging
Batting: RHB Joel García 0-0: Ball
1-0: Ball
2-0: Called Strike
2-1: Ball
3-1: Foul Ball, location: 2F
3-2: Strikes out swinging
Batting: SHB Dan Morse 0-0: Swinging Strike
0-1: Foul Ball, location: 2F
0-2: Ball
1-2: Strikes out swinging
Bottom of the 7th over - 0 runs, 0 hits, 0 errors, 0 left on base; Erie 7 - Barry's Bay 2
TOP OF THE 8TH
Erie Jaxx batting - Pitching for Barry's Bay Orioles : RHP Gianfranco Confalonieri
Batting: RHB Edgardo Castro 0-0: Called Strike
0-1: Swinging Strike
0-2: Ball
1-2: Ball
2-2: Ball
3-2: Base on Balls
Batting: LHB Gabriel Flores 0-0: Called Strike
0-1: Fly out, F4 (Flyball, 4MD)
Batting: RHB Miguel Sánchez 0-0: Foul Ball, location: 2F
0-1: Ball
1-1: Ball
2-1: Swinging Strike
2-2: Ball
3-2: Foul Ball, location: 2F
3-2: Foul Ball, location: 2F
3-2: Foul Ball, location: 2F
3-2: Base on Balls
Edgardo Castro to second
Batting: RHB Shane Marshall 0-0: Ball
1-0: Swinging Strike
1-1: Foul Ball, location: 2F
1-2: Ball
2-2: Ball
3-2: Base on Balls
Edgardo Castro to third
Miguel Sánchez to second
Batting: RHB Danny Morrison 0-0: Called Strike
0-1: SINGLE (Line Drive, 7S)
Edgardo Castro scores
Miguel Sánchez to third
Shane Marshall to second
Runner from 3rd tries for Home, SAFE, no throw
Batting: LHB Mark Sanders 0-0: Called Strike
Shane Marshall steals 3rd base
0-1: Ball
1-1: SINGLE (Groundball, 56D)
Shane Marshall scores
Danny Morrison to second
Pinch Hitting: SHB George Wells 0-0: Called Strike
0-1: Ball
1-1: Fly out, F8 (Flyball, 8RD)
Batting: RHB Juan González 0-0: Foul Ball, location: 2F
0-1: Ball
1-1: Foul Ball, location: 2F
1-2: Foul Ball, location: 2F
1-2: Strikes out looking
Top of the 8th over - 3 runs, 2 hits, 0 errors, 2 left on base; Erie 10 - Barry's Bay 2
BOTTOM OF THE 8TH
Barry's Bay Orioles batting - Pitching for Erie Jaxx : RHP Carlos Pérez
Now in RF: George Wells
Batting: RHB James Thompson 0-0: Ball
1-0: Fly out, F8 (Flyball, 8RM)
Batting: RHB Thomas Bravo 0-0: Ball
1-0: Foul Ball, location: 2F
1-1: Ball
2-1: Ball
3-1: Called Strike
3-2: Foul Ball, location: 2F
3-2: Foul Ball, location: 2F
3-2: Strikes out swinging
Batting: RHB Esteban Álvarez 0-0: Ball
1-0: Ball
2-0: Swinging Strike
2-1: Ball
3-1: Swinging Strike
3-2: Strikes out swinging
Bottom of the 8th over - 0 runs, 0 hits, 0 errors, 0 left on base; Erie 10 - Barry's Bay 2
TOP OF THE 9TH
Erie Jaxx batting - Pitching for Barry's Bay Orioles : RHP Gianfranco Confalonieri
Pitching: RHP António Sánchez
Batting: RHB Ramón Maldonado 0-0: SINGLE (Line Drive, 4D)
Batting: RHB Edgardo Castro 0-0: Called Strike
Ramón Maldonado steals 2nd base
0-1: Foul Ball, location: 2F
0-2: SINGLE (Groundball, 6D)
Ramón Maldonado to third
Batting: LHB Gabriel Flores 0-0: Ball
1-0: Called Strike
1-1: Foul Ball, location: 2F
1-2: Ball
2-2: Ball
3-2: Base on Balls
Edgardo Castro to second
Batting: RHB Miguel Sánchez 0-0: Ball
1-0: Swinging Strike
1-1: Foul Ball, location: 2F
1-2: Ball
2-2: Ground out 3-1 (Groundball, 34S)
Ramón Maldonado scores
Edgardo Castro to third
Gabriel Flores to second
Batting: RHB Shane Marshall 0-0: Swinging Strike
0-1: Swinging Strike
0-2: Ball
1-2: Ball
2-2: Strikes out looking
Batting: RHB Danny Morrison 0-0: Foul Ball, location: 2F
0-1: Ball
1-1: SINGLE (Groundball, 5D)
Edgardo Castro scores
Gabriel Flores to third
Runner from 3rd tries for Home, SAFE, no throw
Batting: LHB Mark Sanders 0-0: Ball
1-0: Ball
2-0: Ball
3-0: Base on Balls
Danny Morrison to second
Batting: SHB George Wells 0-0: Swinging Strike
0-1: Ball
1-1: Ball
2-1: Ball
3-1: Called Strike
3-2: Foul Ball, location: 2F
3-2: Foul Ball, location: 2F
3-2: Strikes out swinging
Top of the 9th over - 3 runs, 3 hits, 0 errors, 2 left on base; Erie 13 - Barry's Bay 2
BOTTOM OF THE 9TH
Barry's Bay Orioles batting - Pitching for Erie Jaxx : RHP Carlos Pérez
Batting: LHB Dave Sanders 0-0: Called Strike
0-1: Swinging Strike
0-2: Ball
1-2: Strikes out looking
Batting: RHB Quentin Barker 0-0: Fly out, F8 (Flyball, 8RD)
Batting: RHB Jorge Castillo 0-0: Ball
1-0: Fly out, F9 (Flyball, 9LM)
Bottom of the 9th over - 0 runs, 0 hits, 0 errors, 0 left on base; Erie 13 - Barry's Bay 2
Saturday, April 7th, 2018 - OOTP Baseball 18.8 Build 76